 Dungeon Crawl Stone Soup version 0.29-a0-520-gc852659d43 (webtiles) character file.

Game seed: 12534927680937138708

3038 NateTC the Nimble (level 10, 0/60 HPs)
             Began as a Djinni Earth Elementalist on May 30, 2022.
             Was an Initiate of Hepliaklqana.
             Slain by a kobold brigand
             ... wielding a +0 war axe
              (8 damage)
             ... in a bailey on June 1, 2022.
             The game lasted 00:41:40 (11057 turns).

NateTC the Nimble (Djinni Earth Elementalist)      Turns: 11057, Time: 00:41:40

Health: 0/60       AC:  2    Str:  7    XL:     10   Next: 11%
Gold:   453        EV: 17    Int: 21    God:    Hepliaklqana [......] SH:  0 Dex: 14

rFire   + + .      SeeInvis .   (no weapon)
rCold   x . .      Faith    .   (no shield)
rNeg    . . .      Spirit   .   b - +0 robe
rPois   ∞          Reflect  .   (no helmet)
rElec   .          Harm     .   (no cloak)
rCorr   .          Rampage  .   (no gloves)
Will    +....                   (boots unavailable)
Stlth   ++........              (no amulet)
HPRegen 0.20/turn               (no ring)
MPRegen 0.00/turn               (no ring)

@: flying
A: sickness immunity, fire resistance 2, cold vulnerability 1, float, innate
caster, HP casting, extra vitality 1
a: Renounce Religion


You were in a bailey.
You worshipped Hepliaklqana.
Hepliaklqana was noncommittal.
You visited 2 branches of the dungeon, and saw 8 of its levels.
You also visited: Sewer and Bailey.

You collected 453 gold pieces.

Inventory:

Missiles
 a - 175 stones
 k - 2 throwing nets
Armour
 b - a +0 robe (worn)
Wands
 g - a wand of iceblast (9)
 o - a wand of polymorph (5)
Scrolls
 e - 4 scrolls of teleportation
 l - 3 scrolls of enchant weapon
 r - a scroll of summoning
Potions
 c - a potion of resistance
 d - a potion of ambrosia
 f - 2 potions of berserk rage
 h - 2 potions of might
 i - a potion of lignification
 j - 3 potions of brilliance
 m - a potion of curing {unknown}
 n - a potion of heal wounds {unknown}
 p - a potion of haste {unknown}
 q - a potion of magic {unknown}


   Skills:
 * Level 10.1 Dodging
 - Level 1.5 Stealth
 - Level 9.6 Spellcasting
 - Level 4.5 Evocations


You had 9 spell levels left.
You knew the following spells:

 Your Spells              Type           Power      Damage    Failure   Level
a - Sandblast             Erth           100%       2d20      1%          1
b - Stone Arrow           Conj/Erth      100%       3d13      1%          3
c - Passwall              Tmut/Erth      41%        N/A       1%          2
d - Petrify               Tmut/Erth      50%        N/A       1%          4
e - Magic Dart            Conj           100%       1d8       1%          1
f - Blink                 Tloc           100%       N/A       1%          2
g - Ensorcelled Hibernat  Hex/Ice        100%       N/A       1%          2
h - Flame Wave            Conj/Fire      50%        2d10      1%          4
Your spell library was empty.

Dungeon Overview and Level Annotations

Branches:
Dungeon (7/15)             Temple (1/1) D:4           Sewer (visited)
 Bailey (1/1)

Altars:
Ashenzari
Cheibriados
Dithmenos
Elyvilon
Fedhas
Gozag
Hepliaklqana
Kikubaaqudgha
Makhleb
Nemelex Xobeh
Okawaru
Sif Muna
Trog
Uskayaw
Vehumet
Wu Jian
Yredelemnul
Beogh

Shops:
D:4 =   D:7 *


Innate Abilities, Weirdness & Mutations

You are immune to sickness and miasma.
You are immune to poison.
Your flesh is very heat resistant. (rF++)
You are vulnerable to cold. (rC-)
You float through the air rather than walking.
You learn spells naturally, not from books.
Your magical power is your life essence.
You have superior vitality. (+4 MHP)


Message History

The flame wave engulfs the kobold brigand!
The kobold brigand is almost dead. (Press . to intensify the flame waves.)
* * * LOW HITPOINT WARNING * * *
The orc warrior misses you.
Casting: Flame Wave (dangerous; 1% risk of failure)
Confirm with . or Enter, or press ? or * to list all spells.
Restarting spell: Flame Wave (dangerous; 1% risk of failure)
Press: ? - help, Dir - look around, f - activate A wave of flame ripples out!
The flame wave engulfs the kobold brigand!
You kill the kobold brigand!
The flame wave engulfs the kobold brigand!
You kill the kobold brigand!
The flame wave engulfs the orc warrior!
You kill the orc warrior! (Press . to intensify the flame waves.)
* * * LOW HITPOINT WARNING * * *
The kobold brigand throws a curare-tipped dart.
The curare-tipped dart misses you.
Your Dodging skill increases to level 10!
A kobold brigand is nearby!
Casting: Flame Wave (dangerous; 1% risk of failure)
Confirm with . or Enter, or press ? or * to list all spells.
Aiming: Stone Arrow (safe; 1% risk of failure)
Press: ? - help, Shift-Dir - straight line, f - kobold brigand
Aim: a kobold brigand, wielding a +0 war axe and quivering curare-tipped darts (72% to hit)
The stone arrow hits the kobold brigand!
The kobold brigand is heavily wounded.
* * * LOW HITPOINT WARNING * * *
Casting: Stone Arrow (safe; 1% risk of failure)
Confirm with . or Enter, or press ? or * to list all spells.
Aiming: Stone Arrow (safe; 1% risk of failure)
Press: ? - help, Shift-Dir - straight line, f/p - kobold brigand
Aim: a kobold brigand, wielding a +0 war axe and quivering curare-tipped darts (heavily wounded, 72% to hit)
The stone arrow hits the kobold brigand!
The kobold brigand is almost dead.
* * * LOW HITPOINT WARNING * * *
The kobold brigand hits you with a +0 war axe!
You die...

#.###≈≈((.....≈≈###.#
#....≈≈((.....≈≈....#
#####≈≈...(...≈≈#####
##≈.).....≈##
####...#### #.).#
#..(# #)K.# ##'@)##
##..∩..## #.......#
#...∩...# ##.....##
#######


You could see a kobold brigand.

Vanquished Creatures
  An unseen horror (D:7)
  The ghost of jlumianski the Covered, an amateur GrFi (D:4)
  Duvessa (D:4)
  A water moccasin (D:5)
  4 black bears
  3 orc warriors (Bailey)
  3 centaurs (D:6)
  5 kobold brigands (Bailey)
  Blork the orc (D:5)
  4 scorpions
  Dowan (D:4)
  2 hounds
  A jelly (D:6)
  An orc priest (D:5)
  2 iguanas
  4 orc wizards
  A merfolk siren (Sewer)
  A merfolk avatar (Sewer)
  7 gnolls
  16 adders
  5 river rats
  A shadow imp (D:6)
  A white imp (D:6)
  2 worms
  4 dart slugs
  20 orcs
  9 ball pythons
  4 endoplasms
  6 giant cockroaches
  13 goblins
  11 hobgoblins
  2 jackals (D:2)
  22 kobolds
  6 quokkas
  8 bats
  10 frilled lizards
  35 rats
219 creatures vanquished.

Vanquished Creatures (others)
  3 plants (D:2)
3 creatures vanquished.

Grand Total: 222 creatures vanquished

Notes
Turn   | Place    | Note
-------+----------+-------------------------------------------
     0 | D:1      | NateTC the Djinni Earth Elementalist began the quest for
                  | the Orb.
     0 | D:1      | Reached XP level 1. HP: 15/15 MP: 0/0
   300 | D:1      | Reached XP level 2. HP: 21/21 MP: 0/0
  1069 | D:1      | Reached XP level 3. HP: 20/25 MP: 0/0
  1069 | D:1      | Learned a level 1 spell: Magic Dart
  1355 | D:1      | Found a faded altar of an unknown god.
  1706 | D:2      | Reached skill level 3 in Dodging
  1759 | D:2      | Reached XP level 4. HP: 28/31 MP: 0/0
  2662 | D:2      | Reached XP level 5. HP: 35/35 MP: 0/0
  2662 | D:2      | Learned a level 2 spell: Blink
  3893 | D:3      | Found a blossoming altar of Fedhas.
  3896 | D:3      | Found a burning altar of Makhleb.
  3900 | D:3      | Found a shadowy altar of Dithmenos.
  4020 | D:3      | Found a broken altar of Ashenzari.
  4069 | D:3      | Found a hide-covered altar of Uskayaw.
  4317 | D:3      | Reached skill level 8 in Dodging
  4317 | D:3      | Reached XP level 6. HP: 40/40 MP: 0/0
  4334 | D:4      | Noticed Dowan
  4338 | D:4      | Noticed Duvessa
  4341 | D:4      | Killed Dowan
  4346 | D:4      | Killed Duvessa
  4347 | D:4      | Reached XP level 7. HP: 12/45 MP: 0/0
  4347 | D:4      | Learned a level 2 spell: Ensorcelled Hibernation
  4639 | D:4      | Found Osaxear's Jewellery Boutique.
  4856 | D:4      | Found a staircase to the Ecumenical Temple.
  4865 | Temple   | Entered the Ecumenical Temple
  5347 | D:4      | Reached skill level 1 in Evocations
  5566 | D:4      | Found a runed translucent gate.
  5601 | D:4      | Found a runed translucent gate.
  5601 | D:4      | Noticed jlumianski's ghost (amateur GrFi)
  5602 | D:4      | Found a runed translucent gate.
  5749 | D:4      | Killed jlumianski's ghost
  5750 | D:4      | Reached XP level 8. HP: 37/50 MP: 0/0
  5873 | D:5      | Entered Level 5 of the Dungeon
  5877 | D:5      | Upgraded the game from 0.29-a0-517-gbdf32494f2 to
                  | 0.29-a0-520-gc852659d43
  6028 | D:5      | Found an iron altar of Okawaru.
  6183 | D:5      | Found a glowing drain.
  6190 | Sewer    | Entered a sewer
  7275 | D:5      | Noticed Blork the orc
  7279 | D:5      | Killed Blork the orc
  8366 | D:6      | Reached XP level 9. HP: 46/55 MP: 0/0
  8366 | D:6      | Learned a level 4 spell: Flame Wave
  8449 | D:6      | Found a snail-covered altar of Cheibriados.
 10012 | D:6      | Found a hazy altar of Hepliaklqana.
 10020 | D:6      | Became a worshipper of Hepliaklqana the Forgotten
 10241 | D:7      | HP: 2/55 [something (8)]
 10541 | D:7      | Killed an unseen horror
 10542 | D:7      | Reached skill level 9 in Dodging
 10652 | D:7      | Found Nuykhiuc's Assorted Antiques.
 10690 | D:7      | Found a flagged portal.
 10704 | Bailey   | Entered a bailey
 11024 | Bailey   | Reached XP level 10. HP: 44/60 MP: 0/0
 11056 | Bailey   | Reached skill level 10 in Dodging
 11057 | Bailey   | Slain by a kobold brigand

Illustrated notes

Levels and vault maps discovered:
D:1:      dpeg_arrival_round_b, layout_basic,
          hellmonk_ecumenical_altar_defaced_shrine, serial_bayou_lake_a
D:2:      layout_basic, lexackson_kobold_supper
D:3:      layout_loops_ring, old_standard_altar, ashenzari_altar_1,
          grunt_temple_overflow_diamond
D:4:      layout_cave_pods, minmay_temple_entry_tees, serial_shops, shop,
          ebering_ghost_rock_garden, uniq_duvessa
D:5:      layout_layer_cave, kennysheep_okawaru_gauntlet,
          gup_sewer_entry_bubbles, uniq_blork_the_orc
D:6:      layout_loops_ring, worldfamousw_hep_ancestral_shrine,
          kennysheep_slug_shrine, serial_glass, glass_columns_c,
          glass_columns_a, item_on_display_a, due_unseen_surprise,
          feat_on_display
D:7:      layout_basic, mainiacjoe_overflow_six_doors_small, enter_bailey_4,
          serial_shops, nicolae_shop_hallway_stairs
Temple:   dpeg_three_leaves_temple
Bailey:   bailey_axe_3, bailey

Skill      XL: |  1  2  3  4  5  6  7  8  9 10 |
---------------+-------------------------------+-----
Spellcasting   | 3 8 9 |  9.6
Dodging        | 3 8 9 10 | 10.1
Evocations     | 1 3 4 |  4.5
Stealth        | |  1.5

Action                   |  1- 3 |  4- 6 |  7- 9 | 10-12 || total
-------------------------+-------+-------+-------+-------++-------
Melee: Unarmed           |       |     5 |     7 |       ||    12
 Cast: Sandblast         |    47 |    21 |    34 |       ||   102
       Stone Arrow       |     1 |    21 |    90 |     3 ||   115
       Magic Dart        |       |    44 |   136 |       ||   180
       Ensorcelled Hiber |       |       |     2 |       ||     2
       Blink             |       |       |     1 |       ||     1
       Flame Wave        |       |       |     2 |     6 ||     8
Evoke: Wand              |       |       |     3 |       ||     3
  Use: Scroll            |     2 |     8 |     7 |       ||    17
       Potion            |       |     1 |     2 |       ||     3
Armor: Robe              |     4 |     5 |    13 |       ||    22
Dodge: Dodged            |    13 |    18 |    74 |     8 ||   113

Table legend: (Time is in decaauts)
 A = Elapsed time spent in this place.
 B = Non-inter-level travel time spent in this place.
 C = Inter-level travel time spent in this place.
 D = Time resting spent in this place.
 E = Time spent auto-exploring this place.
 F = Levels seen in this place.
 G = Mean time per level.
                   A        B        C        D        E       F      G
               +--------+--------+--------+--------+--------+-----+--------+
         Total |  11057 |  10902 |    155 |   4885 |   2677 |  10 | 1105.7 |
       Dungeon |   9743 |   9590 |    153 |   4112 |   2619 |   7 | 1391.9 |
        Temple |    108 |    106 |      2 |      0 |     58 |   1 |  108.0 |
         Sewer |    852 |    852 |      0 |    576 |      0 |   1 |  852.0 |
        Bailey |    352 |    352 |      0 |    197 |      0 |   1 |  352.0 |
               +--------+--------+--------+--------+--------+-----+--------+

Top non-repeatable levels by time:
     D:6: 1918 daAuts
     D:5: 1866 daAuts
     D:2: 1762 daAuts
     D:1: 1449 daAuts
     D:3: 1341 daAuts
     D:4: 1211 daAuts
   Sewer: 852 daAuts
  Bailey: 352 daAuts
     D:7: 193 daAuts
  Temple: 108 daAuts
